 Dungeon Crawl Stone Soup version 0.24.0-37-gcf1ca852f1 (webtiles) character file.

Game seed: 15215545345407284344, levelgen mode: deterministic

23821 Klik the Eclecticist (level 12, -9/52 HPs)
             Began as a Spriggan Earth Elementalist on Nov 28, 2019.
             Was a High Priest of Kikubaaqudgha.
             Mangled by a shambling mangrove (37 damage)
             ... on level 1 of the Swamp on Nov 29, 2019.
             The game lasted 02:52:34 (16573 turns).

Klik the Eclecticist (Spriggan Earth Elementalist) Turns: 16573, Time: 02:52:37

Health: -9/52      AC:  6    Str:  4    XL:     12   Next: 75%
Magic:  20/33      EV: 19    Int: 22    God:    Kikubaaqudgha [*****.]
Gold:   825        SH:  0    Dex: 16    Spells: 19/44 levels left

rFire    . . .     SeeInvis +   b - +8 dagger (venom)
rCold    + . .     Gourm    .   (shield restricted)
rNeg     . . .     Faith    .   z - +2 robe {Archmagi}
rPois    +         Spirit   .   N - +2 hat
rElec    .         Reflect  .   (no cloak)
rCorr    .         Harm     .   (gloves unavailable)
MR       ++...                  (boots unavailable)
Stlth    +++.......             (no amulet)
HPRegen  0.17/turn              a - ring of protection from cold
MPRegen  0.23/turn              H - ring of poison resistance

@: grasped by roots, constricted, very quick
A: very small, unfitting armour, see invisible, herbivore, speed 3, slow
metabolism 2
a: Receive Corpses, Torment, Renounce Religion


You were on level 1 of the Swamp.
You worshipped Kikubaaqudgha.
Kikubaaqudgha was extremely pleased with you.
You were not hungry.

You visited 3 branches of the dungeon, and saw 14 of its levels.

You collected 825 gold pieces.

Inventory:

Hand Weapons
 b - a +8 dagger of venom (weapon)
 m - a +0 long sword
 n - a +2 demon whip of electrocution
 A - a +2 short sword of draining
 X - a +1 vampiric scimitar
 Z - a +1 great sword of slicing
Missiles
 g - 8 boomerangs
 D - 47 stones (quivered)
 I - 6 silver boomerangs
 Q - 25 sling bullets
Armour
 e - a +0 robe
 z - a +2 robe of the Archmagi (worn)
 B - a +1 robe of resistance
 F - a +0 pair of gloves
 N - a +2 hat (worn)
Jewellery
 a - a ring of protection from cold (left hand)
 c - an uncursed ring of resist corrosion
 i - an uncursed ring of ice
 k - an uncursed ring of see invisible
 w - an uncursed amulet of guardian spirit
 H - a ring of poison resistance (right hand)
 T - a cursed ring of teleportation
Wands
 h - a wand of flame (28)
 s - a wand of polymorph (11)
 t - a wand of random effects (58)
 y - a wand of enslavement (13)
 W - a wand of iceblast (9)
Scrolls
 f - a scroll of random uselessness
 p - 3 scrolls of teleportation
 r - 2 scrolls of enchant armour
 C - 3 scrolls of amnesia
 E - 8 scrolls of remove curse
 P - 3 scrolls of fear {unknown}
 S - a scroll of torment {unknown}
 U - 2 scrolls of noise {unknown}
 Y - a scroll of summoning {unknown}
Potions
 j - 3 potions of degeneration {unknown}
 l - 5 potions of mutation
 o - a potion of agility {unknown}
 q - 6 potions of brilliance {unknown}
 u - 2 potions of haste {unknown}
 v - 2 potions of resistance {unknown}
 x - 2 potions of cancellation {unknown}
 G - a potion of berserk rage {unknown}
 K - a potion of experience {unknown}
 L - 4 potions of heal wounds {unknown}
 M - a potion of invisibility {unknown}
 O - 5 potions of curing
 R - a potion of lignification {unknown}
Miscellaneous
 V - a lamp of fire
Comestibles
 d - 21 rations


   Skills:
 + Level 0.9 Fighting
 + Level 2.0 Short Blades
 + Level 0.1 Maces & Flails
 + Level 6.8 Dodging
 + Level 6.2 Stealth
 + Level 16.5 Spellcasting
 + Level 4.6 Conjurations
 + Level 1.4 Necromancy
 + Level 1.9 Transmutations
 + Level 1.2 Air Magic
 + Level 12.0 Earth Magic
 + Level 1.7 Poison Magic
 + Level 0.2 Evocations


You had 19 spell levels left.
You knew the following spells:

 Your Spells              Type           Power        Failure   Level  Hunger
a - Sandblast             Erth           ######       1%          1    None
b - Passwall              Tmut/Erth      ######..     1%          2    None
c - Stone Arrow           Conj/Erth      ######       1%          3    None
d - Vampiric Draining     Necr           #####.....   4%          3    None
e - Lee's Rapid Deconstr  Erth           #######...   1%          5    ##.....
f - Mephitic Cloud        Conj/Pois/Air  #####...     3%          3    None
g - Borgnjor's Vile Clut  Necr/Erth      ######....   5%          5    ##.....
h - Summon Guardian Gole  Hex/Summ       ####....     10%         3    None

Your spell library contained the following spells:

 Spells                   Type           Power        Failure   Level  Hunger
 Magic Dart               Conj           ####         1%          1    None
 Pain                     Necr           ####         1%          1    None
 Petrify                  Tmut/Erth      ######..     1%          4    None
 Corpse Rot               Necr           N/A          2%          2    None
 Sublimation of Blood     Necr           #####.....   2%          2    None
 Leda's Liquefaction      Hex/Erth       ######....   2%          4    None
 Corona                   Hex            ####...      3%          1    None
 Summon Small Mammal      Summ           ####         3%          1    None
 Conjure Flame            Conj/Fire      #####...     3%          3    None
 Blink                    Tloc           N/A          4%          2    None
 Call Imp                 Summ           ####....     4%          2    None
 Slow                     Hex            ####....     4%          2    None
 Call Canine Familiar     Summ           ####....     10%         3    None
 Inner Flame              Hex/Fire       ####....     10%         3    None
 Portal Projectile        Hex/Tloc       ####..       10%         3    None
 Summon Lightning Spire   Summ/Air       ####....     24%         4    None
 Bolt of Draining         Conj/Necr      #####.....   24%         5    ##.....
 Cause Fear               Hex            ####......   30%         4    None
 Summon Ice Beast         Ice/Summ       ####....     30%         4    None
 Agony                    Necr           #####...     43%         5    ##.....
 Dispel Undead            Necr           #####...     43%         5    ##.....
 Excruciating Wounds      Chrm/Necr      ####......   54%         5    ##.....
 Death Channel            Necr           #####.....   95%         6    ####...
 Simulacrum               Ice/Necr       ####......   98%         6    ####...


Dungeon Overview and Level Annotations

Branches:
Dungeon (11/15)            Temple (0/1) D:7            Lair (2/6) D:10
  Swamp (1/4) Lair:2
  Snake: Lair:2-4    Spider: Lair:2-4       Orc: D:9-12

Altars:
Cheibriados
Dithmenos
Elyvilon
Fedhas
Hepliaklqana
Kikubaaqudgha
Ru
Trog
Vehumet
Xom
Zin


Innate Abilities, Weirdness & Mutations

You are very small and have problems with some larger weapons.
You are too small for most types of armour.
You have supernaturally acute eyesight. (SInv)
You are a herbivore.
You cover ground extremely quickly.
You need to consume almost no food.


Message History

Aiming: Sandblast (safe; 1% risk of failure)
Press: ? - help, Shift-Dir - straight line, f/p - spriggan rider
Aim: a spriggan rider, wielding a +0 spear (water, moderately wounded)
You feel a surge of power!
The blast of sand hits the spriggan rider!!
The spriggan rider is heavily wounded.
D - 48 stones
Casting: Sandblast (safe; 1% risk of failure)
Confirm with . or Enter, or press ? or * to list all spells.
Aiming: Sandblast (safe; 1% risk of failure)
Press: ? - help, Shift-Dir - straight line, f/p - spriggan rider
Aim: a spriggan rider, wielding a +0 spear (heavily wounded)
You feel a surge of power!
The blast of sand hits the spriggan rider!
The spriggan rider is severely wounded.
D - 47 stones The spriggan rider barely misses you.
The shambling mangrove hits you!!!
Ouch! That really hurt!
You die...
Kikubaaqudgha rasps: "You have failed me!
Welcome... death!"

♣♣♣♣♣♣♣♣♣
≈.......♣♣♣♣
.≈≈≈≈≈≈≈...♣♣♣.≈
.≈≈≈≈≈≈≈≈≈≈...≈≈
♣.≈.....f≈....≈≈
♣♣♣≈.t@.i≈≈.≈≈≈
♣♣...≈≈≈≈≈≈≈≈
♣≈.≈≈≈≈≈≈≈≈≈≈
♣♣≈≈≈≈≈.≈.≈≈≈
♣♣≈≈≈≈...≈≈≈
♣♣...≈≈≈≈≈≈
.♣.≈≈≈≈≈.. .
.≈≈≈≈..


You could see a shambling mangrove, an alligator and a spriggan rider.

Vanquished Creatures
  A hydra (Lair:2)
  A two-headed ogre (D:9)
  Urug (D:10)
  2 death yaks (D:9)
  Pikel (D:6)
  An elephant (Lair:2)
  3 manticores (D:9)
  Joseph (D:8)
  Maurice (D:9)
  A black mamba (Lair:2)
  5 spiny frogs
  A rime drake (Lair:2)
  A komodo dragon (Lair:2)
  A queen bee (Lair:2)
  2 trolls
  4 polar bears (D:9)
  A harpy zombie (D:11)
  A bog body (Lair:2)
  7 hippogriffs
  Prince Ribbit (D:7)
  A dream sheep (D:9)
  4 wyverns
  15 yaks
  Eustachio (D:6)
  3 hogs (D:7)
  A human (D:7)
  7 basilisks
  Grum (D:8)
  Edmund (D:6)
  4 water moccasins
  4 porcupines
  Duvessa (D:4)
  6 orc warriors
  3 ice beasts
  2 phantoms
  2 sky beasts
  6 black bears
  5 ogres
  11 wolves
  3 centaurs
  3 big kobolds (D:10)
  5 crocodiles
  7 bullfrogs
  A water moccasin zombie (D:8)
  Dowan (D:4)
  5 scorpions
  24 killer bees (Lair:2)
  A howler monkey (D:4)
  5 wights (D:8)
  3 crimson imps
  A centaur zombie (D:5)
  A bullfrog zombie (D:6)
  2 hounds (D:9)
  A quasit (D:9)
  3 jellies
  An orc priest (D:9)
  2 centaur skeletons
  An iguana (D:8)
  2 bullfrog skeletons
  4 orc wizards
  A hell rat (Lair:2)
  7 worker ants
  A howler monkey zombie (D:9)
  Robin (D:3)
  A worker ant zombie (D:6)
  15 adders
  8 gnolls
  2 oozes
  2 adder zombies
  An adder skeleton (D:5)
  A worm (D:2)
  2 dart slugs
  8 leopard geckos
  33 orcs
  5 ball pythons
  9 bats
  6 giant cockroaches
  20 goblins
  6 hobgoblins
  6 jackals
  5 quokkas
  5 frilled lizards
  A jackal skeleton (D:4)
  22 kobolds
  A leopard gecko zombie (D:5)
  12 rats
  2 plants (D:7)
374 creatures vanquished.

Vanquished Creatures (others)
  5 fungi
  17 plants (Lair:2)
22 creatures vanquished.

Grand Total: 396 creatures vanquished

Notes
Turn   | Place    | Note
-------+----------+-------------------------------------------
     0 | D:1      | Klik the Spriggan Earth Elementalist began the quest for
                  | the Orb.
     0 | D:1      | Reached XP level 1. HP: 9/9 MP: 5/5
   132 | D:1      | Reached XP level 2. HP: 13/13 MP: 2/6
   310 | D:1      | Reached skill level 3 in Spellcasting
   590 | D:1      | Learned a level 2 spell: Passwall
   599 | D:2      | Reached XP level 3. HP: 16/16 MP: 2/8
   834 | D:2      | Reached skill level 4 in Spellcasting
   892 | D:2      | Reached XP level 4. HP: 21/21 MP: 0/11
   997 | D:2      | Found a glowing silver altar of Zin.
  1317 | D:2      | Learned a level 3 spell: Stone Arrow
  1537 | D:2      | Reached XP level 5. HP: 24/24 MP: 9/13
  1551 | D:3      | Noticed Robin
  1603 | D:3      | Killed Robin
  1603 | D:3      | Reached skill level 5 in Spellcasting
  1668 | D:3      | Found a shimmering altar of Xom.
  1669 | D:3      | Noticed an ogre
  1894 | D:3      | Killed an ogre
  1894 | D:3      | Reached XP level 6. HP: 26/28 MP: 1/15
  2183 | D:3      | Found an ancient bone altar of Kikubaaqudgha.
  2190 | D:3      | Became a worshipper of Kikubaaqudgha
  2533 | D:3      | Found a sacrificial altar of Ru.
  2548 | D:3      | Reached skill level 6 in Spellcasting
  3255 | D:4      | Noticed Dowan
  3264 | D:4      | Noticed Duvessa
  3702 | D:4      | Killed Duvessa
  3702 | D:4      | Reached skill level 5 in Earth Magic
  3765 | D:4      | Killed Dowan
  3765 | D:4      | Reached XP level 7. HP: 23/32 MP: 1/18
  4360 | D:5      | Entered Level 5 of the Dungeon
  4360 | D:5      | Found a blossoming altar of Fedhas.
  4422 | D:5      | Reached skill level 7 in Spellcasting
  4812 | D:5      | Reached * piety under Kikubaaqudgha
  4812 | D:5      | Identified Kikubaaqudgha's Grimoire of Necromancy
                  | (Kikubaaqudgha gifted it to you on level 5 of the Dungeon)
  4812 | D:5      | Received a gift from Kikubaaqudgha
  5004 | D:5      | Reached skill level 8 in Spellcasting
  5153 | D:5      | Reached skill level 1 in Conjurations
  5153 | D:5      | Reached XP level 8. HP: 29/36 MP: 7/21
  5158 | D:5      | Learned a level 3 spell: Vampiric Draining
  5548 | D:6      | Noticed Edmund
  5584 | D:6      | Killed Edmund
  5890 | D:6      | Noticed Eustachio
  5918 | D:6      | Killed Eustachio
  5918 | D:6      | Reached skill level 9 in Spellcasting
  6214 | D:6      | Noticed Pikel
  6219 | D:6      | Killed Pikel
  6219 | D:6      | Reached skill level 10 in Spellcasting
  6219 | D:6      | Reached XP level 9. HP: 40/40 MP: 13/24
  6290 | D:6      | Found a white marble altar of Elyvilon.
  6611 | D:7      | Reached skill level 1 in Necromancy
  6700 | D:7      | Reached skill level 1 in Short Blades
  6717 | D:7      | Found a staircase to the Ecumenical Temple.
  6736 | D:7      | Noticed Prince Ribbit
  6741 | D:7      | Killed Prince Ribbit
  6921 | D:7      | Reached skill level 5 in Dodging
  6925 | D:7      | Reached skill level 11 in Spellcasting
  6932 | D:7      | Reached ** piety under Kikubaaqudgha
  7236 | D:7      | Learned a level 5 spell: Lee's Rapid Deconstruction
  7435 | D:7      | Found a hazy altar of Hepliaklqana.
  7777 | D:7      | Found a radiant altar of Vehumet.
  8194 | D:8      | Reached XP level 10. HP: 44/44 MP: 17/26
  8300 | D:8      | Noticed Grum
  8311 | D:8      | Killed Grum
  8311 | D:8      | Reached skill level 5 in Stealth
  8341 | D:8      | Reached skill level 12 in Spellcasting
  8530 | D:8      | Noticed Joseph
  8538 | D:8      | Killed Joseph
  8772 | D:8      | Learned a level 3 spell: Mephitic Cloud
  9010 | D:9      | Found a snail-covered altar of Cheibriados.
  9014 | D:9      | Found a shadowy altar of Dithmenos.
  9014 | D:9      | Found a bloodstained altar of Trog.
  9530 | D:9      | Noticed Maurice
  9545 | D:9      | Killed Maurice
  9700 | D:9      | Noticed a two-headed ogre
  9713 | D:9      | Killed a two-headed ogre
  9713 | D:9      | Reached skill level 13 in Spellcasting
  9842 | D:9      | Found a huge runed translucent gate.
  9843 | D:9      | Found a huge runed translucent gate.
  9844 | D:9      | Found a huge runed translucent gate.
  9844 | D:9      | Noticed a death yak
  9844 | D:9      | Noticed a death yak
  9845 | D:9      | Found a huge runed translucent gate.
  9845 | D:9      | Noticed a manticore
  9845 | D:9      | Noticed a manticore
  9846 | D:9      | Noticed a manticore
  9962 | D:9      | Killed a death yak
 10129 | D:9      | Reached XP level 11. HP: 48/48 MP: 15/29
 10169 | D:9      | Killed a death yak
 10280 | D:9      | Reached skill level 14 in Spellcasting
 10329 | D:9      | HP: 2/48 [manticore/volley of spikes (7)]
 10995 | D:9      | Reached skill level 10 in Earth Magic
 11487 | D:10     | Entered Level 10 of the Dungeon
 11495 | D:10     | Reached *** piety under Kikubaaqudgha
 11495 | D:10     | Identified Kikubaaqudgha's Catalogue of Sinister Secrets
                  | (Kikubaaqudgha gifted it to you on level 10 of the Dungeon)
 11495 | D:10     | Received a gift from Kikubaaqudgha
 11512 | D:10     | Learned a level 5 spell: Borgnjor's Vile Clutch
 11729 | D:10     | Noticed Urug
 12035 | D:10     | Killed Urug
 12328 | D:10     | Learned a level 3 spell: Summon Guardian Golem
 12928 | D:10     | Found a staircase to the Lair.
 13117 | D:11     | Reached skill level 15 in Spellcasting
 13302 | D:11     | Reached **** piety under Kikubaaqudgha
 13520 | Lair:1   | Entered Level 1 of the Lair of Beasts
 13560 | Lair:1   | Reached skill level 1 in Poison Magic
 14236 | Lair:1   | Reached skill level 1 in Air Magic
 14337 | Lair:1   | Reached XP level 12. HP: 52/52 MP: 26/32
 14726 | Lair:2   | Found a staircase to the Swamp.
 14793 | Lair:2   | Noticed a six-headed hydra
 14798 | Lair:2   | Killed a six-headed hydra
 15243 | Lair:2   | Reached ***** piety under Kikubaaqudgha
 15251 | Lair:2   | Reached skill level 16 in Spellcasting
 16568 | Swamp:1  | Entered Level 1 of the Swamp
 16568 | Swamp:1  | Noticed a shambling mangrove
 16568 | Swamp:1  | Noticed an alligator
 16573 | Swamp:1  | Mangled by a shambling mangrove

Levels and vault maps discovered:
D:1:      lemuel_arrival_behind_the_door_large, layout_basic, serial_park_tiny_2
D:2:      layout_rooms, lemuel_crystal_altar, minmay_ruptured
D:3:      layout_basic, overflow_temple_1_default, overflow_temple_1_default,
          nicolae_ru_sacrificial_ziggurat, uniq_robin
D:4:      layout_layer_cave, first_ration, serial_glass, glass_columns_b,
          glass_columns_b, glass_columns_b, glass_columns_a, glass_columns_c,
          glass_columns_b, minivault_1, uniq_duvessa
D:5:      layout_gridville, fedhas_altar_3
D:6:      minmay_cornered_nines, layout_cave_pools, old_standard_altar,
          bh_walls_and_bars, uniq_edmund, uniq_pikel, uniq_eustachio
D:7:      layout_cave_pools, kennysheep_mini_moat, kennysheep_little_box,
          temple_pool_b, grunt_livestock, serial_bayou_lagoon_a,
          uniq_prince_ribbit1
D:8:      layout_loops_ring, uniq_joseph, uniq_grum
D:9:      lemuel_bear_cage, layout_long_grid,
          chequers_temple_overflow_statue_of_worship, serial_park_tiny_1,
          uniq_maurice
D:10:     layout_long_grid, grunt_lair_entry_orc_guard_hut,
          wad_floor_pattern_untrapped, uniq_urug, uniq_harold
D:11:     layout_layer_cave
Lair:1:   layout_layer_cave, grunt_megastairs_3
Lair:2:   regret_index_wax_grids, layout_regular_city,
          skrybe_swamp_entry_bodies, enter_volcano_4
Swamp:1:  cheibrodos_swamp_tower_of_moss, layout_basic_swamp,
          hangedman_swamp_ruin_hall, swamp_pool1

Skill      XL: |  1  2  3  4  5  6  7  8  9 10 11 12 |
---------------+-------------------------------------+-----
Earth Magic    | 3 4 5 7 8 9 11 12 | 12.0
Spellcasting   | 3 4 5 6 8 10 11 13 15 16 | 16.5
Dodging        | 4 5 6 |  6.8
Conjurations   | 1 2 3 4 |  4.6
Stealth        | 4 5 6 |  6.2
Necromancy     | 1 |  1.4
Short Blades   | 1 2 |  2.0
Poison Magic   | 1 |  1.7
Air Magic      | 1 |  1.2
Fighting       | |  0.9
Maces & Flails | |  0.1
Transmutations | |  1.9
Evocations     | |  0.2

Action                   |  1- 3 |  4- 6 |  7- 9 | 10-12 || total
-------------------------+-------+-------+-------+-------++-------
Melee: Spear             |     1 |       |       |       ||     1
       Short sword       |       |    54 |       |       ||    54
       Whip              |       |     2 |       |       ||     2
       Dagger            |       |       |   113 |    47 ||   160
Throw: Dart              |       |     1 |       |       ||     1
       Stone             |       |       |       |     2 ||     2
 Cast: Sandblast         |    56 |   115 |    58 |   164 ||   393
       Passwall          |     1 |       |       |       ||     1
       Stone Arrow       |       |    29 |    85 |   177 ||   291
       Vampiric Draining |       |       |     4 |       ||     4
       Lee's Rapid Decon |       |       |     8 |    45 ||    53
       Mephitic Cloud    |       |       |       |    16 ||    16
       Summon Guardian G |       |       |       |     1 ||     1
Evoke: Wand              |       |     2 |       |       ||     2
  Use: Scroll            |     6 |     6 |     5 |    13 ||    30
       Potion            |       |       |       |     2 ||     2
  Eat: Ration            |       |     1 |     3 |     6 ||    10
Armor: Robe              |       |     9 |     8 |    16 ||    33
Dodge: Dodged            |    15 |    71 |    94 |   150 ||   330
